Map: Overgrown Facility

Players

OpuS - Winner!

  • Race: Protoss Protoss
  • League: Platinum
  • Spawn Location: 3:00

Sketchaphone - Winner!

  • Race: Zerg Zerg
  • League: Platinum
  • Spawn Location: 1:00

AczinoNSerie

  • Race: Zerg Zerg
  • League: Silver
  • Spawn Location: 7:00

TNTInSvNeSD

  • Race: Protoss Protoss
  • Spawn Location: 9:00

VOD

Have the link to the VOD?

Description

Time

  • Played on: Feb. 6, 2019, 8:45 p.m.
  • Length: 14:52
Show
View Real Time Build Order
Export as new Build Order

OpuS Protoss - Winner!

Build Orders: Oracle Opening 

Get SALT Encoding   

  12  0:01  Probe  
  13  0:13  Probe  
  14  0:21  Pylon  
  14  0:25  Probe  
  15  0:42  Gateway  
  15  0:48  Probe  
  16  0:57  Assimilator  
  16  1:00  Probe  
  17  1:07  Gateway  
  17  1:12  Probe  
  18  1:31  Probe  
  19  1:37  Cybernetics Core  
  19  1:39  Pylon, Probe  
  20  1:47  Probe  
  21  1:55  Probe  
  22  2:03  Probe  
  23  2:09  Zealot  
  23  2:13  Probe  
  23  2:14  Warp Gate  
  26  2:19  Assimilator  
  26  2:35  Stargate  
  26  2:38  Zealot  
  26  2:39  Pylon  
  27  2:56  Zealot  
  29  3:02  Twilight Council  
  29  3:05  Gateway  
  29  3:25  Oracle  
  32  3:35  Nexus  
  32  3:37  Probe  
  33  3:44  Charge  
  33  3:45  Probe  
  33  3:52  Pylon  
  34  4:09  Zealot x2  
  38  4:13  Stalker  
  38  4:31  Void Ray  
  42  5:07  Probe x2  
  44  5:18  Forge, Void Ray  
  48  5:25  Stargate  
  48  5:29  Shield Battery  
  48  5:31  Probe x2  
  48  5:33  Shield Battery  
  50  5:52  Zealot x3  
  51  6:02  Probe x2  
  53  6:10  Void Ray  
  57  6:15  Zealot  
  57  6:18  Probe  
  58  6:22  Probe  
  59  6:31  Zealot  
  61  6:37  Pylon  
  61  6:39  Pylon  
  59  6:54  Void Ray  
  59  6:55  Void Ray  
  51  7:10  Zealot  
  51  7:14  Zealot  
  49  7:32  Zealot x2  
  49  7:41  Void Ray  
  53  7:51  Void Ray  
  53  8:07  Zealot  
  53  8:09  Probe  
  53  8:11  Probe  
  59  8:29  Probe x2  
  61  8:41  Probe x2  
  63  8:42  Void Ray  
  67  8:56  Pylon  
  67  8:58  Pylon, Void Ray  
  67  9:02  Pylon  
  66  9:20  Void Ray  
  67  9:41  Pylon  
  67  9:43  Pylon  
  67  9:44  Pylon  
  67  9:50  Nexus  
  67  9:51  Assimilator  
  67  9:52  Pylon  
  67  9:54  Assimilator  
  67  9:58  Protoss Air Weapons Level 1  
  67  10:06  Void Ray  
  71  10:20  Void Ray  
  75  10:49  Void Ray  
  75  10:50  Probe x2  
  77  11:02  Probe  
  66  11:16  Zealot  
  66  11:17  Zealot  
  66  11:18  Void Ray  
  62  11:30  Probe x3  
  65  11:38  Stargate  
  61  11:41  Gateway  
  61  11:42  Gateway  
  61  11:45  Gateway  
  61  11:46  Gateway  
  61  11:53  Void Ray  
  65  11:58  Probe x2  
  65  11:59  Probe  
  68  12:10  Fleet Beacon  
  68  12:12  Void Ray  
  68  12:22  Probe  
  73  12:24  Probe  
  73  12:26  Probe  
  73  12:28  Void Ray  
  73  12:34  Probe  
  78  12:48  Void Ray  
  80  12:55  Probe x3  
  83  12:59  Assimilator  
  83  13:04  Assimilator  
  83  13:07  Probe x2  
  83  13:10  Void Ray  
  89  13:21  Void Ray  
  93  13:31  Probe x3  
  96  13:43  Probe x3  
  100  13:55  Probe x2  
  100  13:56  Probe  
  102  14:03  Stargate  
  102  14:07  Probe  
  115  14:17  Zealot x5  
  125  14:27  Pylon  
  125  14:30  Pylon  
  125  14:32  Pylon  
  125  14:34  Pylon  
Show
View Real Time Build Order
Export as new Build Order

Sketchaphone Zerg - Winner!

Build Orders: Hatch First, Lurkers 

Get SALT Encoding   

  12  0:02  Drone  
  13  0:12  Overlord  
  13  0:18  Drone  
  14  0:22  Extractor  
  14  0:24  Drone  
  15  0:31  Drone  
  16  0:38  Drone  
  17  0:56  Hatchery  
  16  1:00  Drone  
  17  1:08  Extractor  
  16  1:15  Spawning Pool  
  16  1:18  Drone  
  16  1:21  Drone  
  17  1:29  Drone  
  18  1:39  Drone  
  19  1:46  Drone  
  20  1:50  Overlord  
  20  2:04  Drone  
  20  2:07  Queen  
  23  2:13  Metabolic Boost  
  23  2:17  Zergling x2, Drone  
  23  2:20  Drone  
  23  2:22  Queen  
  28  2:37  Zergling x6  
  31  2:54  Zergling x6  
  31  2:55  Overlord  
  31  2:57  Queen  
  36  3:06  Overlord  
  36  3:12  Overlord  
  35  3:30  Drone x2  
  35  3:32  Evolution Chamber  
  36  3:40  Hatchery  
  35  3:49  Drone  
  35  3:50  Drone  
  35  3:51  Overlord  
  35  3:52  Overlord  
  35  3:54  Drone x2  
  39  4:09  Zergling x8  
  43  4:12  Zerg Melee Weapons Level 1  
  43  4:42  Drone  
  43  4:43  Zergling x16  
  52  4:53  Drone  
  52  4:56  Drone x2  
  55  5:07  Queen  
  55  5:10  Spore Crawler  
  55  5:13  Spore Crawler x2  
  54  5:15  Spore Crawler  
  54  5:16  Overlord, Drone x3  
  54  5:21  Lair  
  56  5:22  Pneumatized Carapace  
  56  5:23  Overlord  
  56  5:24  Zergling x4  
  58  5:32  Drone  
  58  5:33  Drone x2  
  61  5:40  Baneling Nest  
  47  6:04  Extractor  
  47  6:10  Drone x5  
  51  6:12  Extractor  
  51  6:13  Zergling x12  
  51  6:14  Zergling x2, Extractor  
  56  6:20  Overlord  
  55  6:30  Drone x3  
  58  6:39  Hydralisk Den  
  57  6:41  Zerg Missile Weapons Level 1  
  57  6:44  Evolution Chamber  
  56  6:47  Baneling x2  
  56  6:49  Baneling  
  56  6:52  Zergling x4  
  51  7:07  Baneling x3  
  53  7:08  Zergling x4  
  53  7:09  Grooved Spines  
  53  7:10  Zergling x22  
  53  7:13  Zergling x2  
  61  7:29  Zergling x6  
  53  7:39  Zergling x6  
  48  7:44  Drone  
  35  8:12  Zergling x16  
  40  8:15  Hydralisk x3  
  44  8:21  Hydralisk  
  46  8:29  Zergling x4  
  46  8:30  Hydralisk  
  50  8:36  Hydralisk  
  50  8:41  Drone  
  53  8:49  Hydralisk  
  54  9:00  Hydralisk  
  54  9:01  Hydralisk  
  51  9:07  Drone x3  
  54  9:19  Hydralisk x2  
  56  9:24  Hydralisk  
  56  9:35  Queen  
  56  9:37  Queen  
  60  9:39  Drone  
  61  9:52  Overlord x2  
  61  10:00  Lurker Den  
  61  10:01  Zerg Missile Weapons Level 2  
  61  10:03  Drone  
  61  10:12  Drone x3  
  62  10:43  Zergling x2  
  62  10:44  Zergling x16  
  62  10:48  Drone  
  62  11:07  Zerg Ground Armor Level 1  
  62  11:09  Muscular Augments  
  62  11:11  Drone x4  
  63  11:29  Zergling x12  
  63  11:30  Zergling x2  
  60  11:46  Overlord x2  
  60  11:47  Hydralisk x5  
  60  11:49  Zergling x10  
  75  12:05  Lurker  
  75  12:06  Lurker  
  77  12:10  Hydralisk x3  
  77  12:11  Hydralisk  
  77  12:12  Zergling x10  
  90  12:21  Lurker  
  91  12:37  Drone  
  91  12:38  Drone x4  
  91  12:40  Overlord x2  
  96  13:00  Overlord, Hydralisk  
  96  13:01  Hydralisk x2  
  102  13:14  Infestation Pit  
  100  13:31  Hatchery  
  100  13:33  Lurker  
  97  13:59  Lurker  
  97  14:00  Lurker  
  99  14:06  Zergling x38  
  118  14:15  Overlord  
  118  14:18  Drone x2  
  118  14:22  Drone  
  121  14:25  Extractor  
  121  14:26  Extractor  
  121  14:27  Drone  
Show
View Real Time Build Order
Export as new Build Order

AczinoNSerie Zerg 

Build Orders: Pool First 

Get SALT Encoding   

  12  0:08  Overlord  
  12  0:14  Drone  
  12  0:18  Drone  
  14  0:24  Extractor  
  14  0:26  Drone  
  14  0:31  Drone  
  15  0:50  Spawning Pool  
  15  0:51  Drone  
  15  0:58  Overlord  
  15  1:04  Drone  
  16  1:18  Drone  
  16  1:19  Extractor  
  16  1:29  Drone  
  17  1:38  Drone  
  18  1:43  Queen  
  20  1:47  Roach Warren  
  20  1:51  Drone  
  20  2:06  Drone  
  21  2:11  Metabolic Boost  
  21  2:14  Drone  
  22  2:20  Overlord  
  22  2:30  Zergling x2  
  23  2:46  Hatchery  
  23  2:47  Drone  
  23  2:58  Zergling x6  
  24  3:02  Drone  
  27  3:31  Zergling x6  
  30  3:35  Zergling x6  
  30  3:40  Baneling Nest  
  32  3:43  Lair  
  32  3:49  Drone  
  33  4:07  Roach  
  33  4:08  Roach x3  
  40  4:22  Zergling x6  
  40  4:23  Zergling x2  
  44  4:27  Overlord  
  35  4:53  Roach x5  
  45  5:02  Queen  
  45  5:03  Drone  
  48  5:13  Baneling x5  
  48  5:14  Baneling x2  
  48  5:19  Zergling x2  
  49  5:28  Drone x2  
  51  5:29  Drone  
  52  5:37  Overlord  
  49  6:02  Roach x4  
  49  6:03  Zergling x6  
  60  6:06  Baneling x3  
  60  6:22  Overlord x2  
  60  6:23  Overlord  
  60  6:39  Overlord x2  
  60  6:40  Overlord  
  56  7:07  Zergling x20  
  56  7:08  Zergling x4  
  67  7:31  Zergling x2  
  67  7:32  Zergling x6  
  45  8:19  Roach  
  50  8:20  Roach x8  
  47  8:43  Hydralisk Den  
  47  8:44  Drone x3  
  47  8:45  Drone  
  47  8:47  Extractor  
  49  8:56  Roach x2  
  49  8:57  Extractor  
  49  9:01  Ravager x9  
  61  9:31  Hydralisk  
  61  9:32  Hydralisk x5  
  73  9:40  Drone x3  
  73  9:41  Overlord  
  76  9:48  Ravager  
  77  9:58  Ravager  
  78  10:10  Drone  
  78  10:11  Drone x2, Hydralisk  
  78  10:12  Hydralisk  
  85  10:30  Grooved Spines  
  85  10:49  Hydralisk  
  85  10:50  Hydralisk x4  
  68  11:28  Hydralisk  
  68  11:29  Hydralisk x7  
  72  11:42  Zergling x8  
  76  11:54  Overlord  
  76  12:06  Roach x3  
  82  12:14  Drone x2  
  84  12:19  Evolution Chamber  
  83  12:33  Zergling x2  
  83  12:34  Zergling x8  
  88  12:38  Baneling  
  88  12:39  Baneling x7  
  88  12:43  Evolution Chamber x2  
  86  12:50  Overseer  
  86  13:06  Hatchery  
  85  13:16  Baneling  
  85  13:17  Baneling x9  
  85  13:18  Hydralisk x2  
  85  13:19  Hydralisk x2  
  93  13:20  Roach x2  
  93  13:26  Drone x2  
  99  13:45  Hydralisk x3  
  102  14:11  Hydralisk  
  102  14:12  Hydralisk x8  
Show
View Real Time Build Order
Export as new Build Order

TNTInSvNeSD Protoss 

Build Orders: Oracle Opening 

Get SALT Encoding   

  12  0:01  Probe  
  13  0:13  Probe  
  14  0:24  Pylon  
  14  0:26  Probe  
  15  0:43  Probe  
  15  0:46  Gateway  
  16  0:51  Probe  
  16  0:56  Assimilator  
  17  0:59  Probe  
  17  1:04  Assimilator  
  18  1:09  Probe  
  19  1:23  Probe  
  20  1:35  Probe  
  20  1:37  Cybernetics Core  
  21  1:47  Probe  
  22  1:57  Pylon  
  22  2:01  Nexus  
  22  2:05  Stalker, Probe  
  25  2:25  Probe  
  25  2:28  Warp Gate  
  26  2:32  Pylon  
  26  2:42  Gateway  
  26  2:56  Probe, Stargate  
  27  3:09  Probe  
  28  3:16  Probe  
  29  3:23  Probe  
  29  3:24  Probe  
  30  3:30  Stalker  
  30  3:34  Probe  
  33  3:35  Probe  
  35  3:42  Twilight Council  
  35  3:44  Oracle  
  35  3:46  Probe  
  35  3:47  Probe  
  40  3:58  Probe  
  40  4:00  Robotics Facility  
  41  4:03  Probe  
  42  4:10  Probe  
  43  4:21  Assimilator  
  43  4:22  Probe  
  44  4:25  Gateway  
  44  4:27  Gateway, Blink  
  44  4:34  Probe, Assimilator  
  44  4:37  Probe  
  46  4:42  Phoenix  
  46  4:44  Stalker  
  50  4:46  Probe  
  50  4:58  Probe  
  47  5:10  Pylon, Probe  
  48  5:17  Stalker x2  
  52  5:31  Observer  
  53  5:49  Stalker  
  55  5:50  Stalker  
  54  6:17  Gateway  
  54  6:23  Stalker x4  
  62  6:30  Pylon  
  62  6:31  Pylon  
  62  6:32  Pylon  
  62  6:47  Warp Prism  
  62  6:48  Probe  
  62  6:51  Phoenix  
  57  7:10  Phoenix  
  57  7:15  Forge, Gateway  
  57  7:17  Forge  
  57  7:19  Gateway  
  59  7:23  Gateway  
  59  7:35  Phoenix  
  50  7:50  Zealot x3  
  50  7:51  Zealot  
  42  8:10  Stalker x4  
  42  8:11  Stalker x2  
  54  8:17  Stalker x2  
  58  8:54  Stalker  
  58  8:55  Stalker x6  
  66  8:56  Stalker  
  40  9:26  Stalker x4  
  40  9:27  Stalker x2  
  32  9:36  Probe  
  32  9:37  Phoenix  
  32  9:38  Probe  
  32  9:45  Probe  
  34  9:46  Probe  
  36  9:54  Probe  
  36  9:55  Stalker  
  36  9:56  Probe  
  36  9:59  Phoenix  
  40  10:03  Photon Cannon  
  40  10:05  Photon Cannon  
  40  10:07  Photon Cannon, Probe  
  43  10:09  Photon Cannon x2  
  43  10:17  Phoenix  
  43  10:20  Stalker x3, Probe  
  52  10:39  Stalker x2  
  29  11:00  Stalker  
  29  11:01  Stalker  
  30  11:18  Probe  
  30  11:19  Stalker x2  
  35  11:26  Probe  
  35  11:29  Probe  
  37  11:36  Probe  
  38  11:43  Probe  
  38  11:45  Probe  
  39  11:51  Probe  
  39  11:53  Probe  
  42  12:01  Probe  
  42  12:02  Probe  
  42  12:04  Observer  
  42  12:07  Stalker  
  42  12:08  Stalker  
  49  12:14  Probe  
  50  12:26  Probe  
  51  12:34  Stalker x2  
  51  12:35  Stalker x2, Probe  
  59  12:38  Probe  
  61  12:45  Protoss Ground Weapons Level 1  
  61  12:46  Protoss Ground Armor Level 1  
  61  12:59  Probe  
  62  13:11  Pylon  
  62  13:15  Pylon  
  62  13:26  Stalker x4  
  62  13:27  Stalker  
Tags
 
Add a new tag
Caveats
  • Supply blocks, unpowered buildings, or Contaminate may cause inaccurate times.
  • Supply counts are checked every 10 seconds.